 Dungeon Crawl Stone Soup version 0.23.2-40-g277498a (webtiles) character file.

Game seed: 11768273171049628639

55 Bucky5 the Vandal (level 3, -3/29 HPs)
             Began as a Centaur Hunter on Oct 8, 2019.
             Slain by Grinder (6 damage)
             ... on level 3 of the Dungeon.
             The game lasted 00:04:44 (2091 turns).

Bucky5 the Vandal (Centaur Hunter)                  Turns: 2091, Time: 00:04:45

Health: -3/29      AC:  4    Str: 14    XL:     3   Next: 67%
Magic:  3/3        EV:  8    Int: 10    God:
Gold:   56         SH:  3    Dex: 10    Spells: 2/2 levels left

rFire    . . .     SeeInvis .   a - +1 hunting sling
rCold    . . .     Gourm    .   h - +0 buckler (curse)
rNeg     . . .     Faith    .   c - +0 leather armour
rPois    .         Spirit   .   (no helmet)
rElec    .         Reflect  .   (no cloak)
rCorr    .         Harm     .   (no gloves)
MR       .....                  (no barding)
Stlth    +.........             (no amulet)
HPRegen  0.09/turn              (no ring)
MPRegen  0.08/turn              (no ring)

@: very quick
A: large, hooves 3, deformed body, speed 2, tough skin 3
a: no special abilities


You were on level 3 of the Dungeon.
You were not hungry.

You visited 1 branch of the dungeon, and saw 3 of its levels.

You collected 56 gold pieces.

Inventory:

Hand Weapons
 a - a +1 hunting sling (weapon)
 b - a +0 short sword
Missiles
 e - 50 stones (quivered)
 g - 8 poisoned javelins
Armour
 c - a +0 leather armour (worn)
 h - a cursed +0 buckler (worn)
Scrolls
 l - a scroll of fog {unknown}
 m - 2 scrolls of identify {unknown}
 n - a scroll of teleportation
 p - 2 scrolls of remove curse {unknown}
 q - a scroll of immolation {unknown}
Potions
 i - 2 potions of haste {unknown}
 k - a potion of lignification
Comestibles
 f - 3 rations
 o - 2 chunks of flesh


   Skills:
 + Level 2.1 Fighting
 + Level 5.5 Slings
 + Level 0.4 Armour
 - Level 1.3 Dodging
 - Level 0.4 Stealth
 * Level 0.5 Shields


You had 2 spell levels left.
You didn't know any spells.
Your spell library was empty.

Dungeon Overview and Level Annotations

Branches:
Dungeon (3/15)

Altars:
Cheibriados

Annotations:
D:3 Grinder


Innate Abilities, Weirdness & Mutations

You have hooves in place of feet.
Armour fits poorly on your strangely shaped body.
You cover ground very quickly.
You have extremely tough skin. (AC +3)


Message History

Grinder is almost dead.
Grinder hits you.
You writhe in agony.
Firing (i - inventory. (/) - cycle)
e - 53 stones (quivered)
Press: ? - help, Shift-Dir - straight line, f/p - Grinder
Aim: Grinder (almost dead)
You shoot a stone. The stone closely misses Grinder.
Grinder hits you!
* * * LOW HITPOINT WARNING * * *
You writhe in agony.
* * * LOW HITPOINT WARNING * * *
Wield which item (- for none, * to show all)? (? for menu, Esc to quit)
Okay, then.
Firing (i - inventory. (/) - cycle)
e - 52 stones (quivered)
Press: ? - help, Shift-Dir - straight line, f/p - Grinder
Aim: Grinder (almost dead)
You shoot a stone. The stone closely misses Grinder.
Grinder barely misses you.
Firing (i - inventory. (/) - cycle)
e - 51 stones (quivered)
Press: ? - help, Shift-Dir - straight line, f/p - Grinder
Aim: Grinder (almost dead)
You shoot a stone. The stone barely misses Grinder.
Grinder hits you.
You die...

#.# ####.##
#.....# # #.##..#
.# #.##..# .
##.##..# #
####......########
+@5((((((.((.((...
####....#.#######.
##.#.#.# #.
#.....# #. ###.###
#. #.# #.# #.# ##
..#


You could see Grinder.

Vanquished Creatures
  A worm (D:2)
  A dart slug (D:2)
  2 leopard geckos
  7 bats
  4 giant cockroaches
  6 hobgoblins
  3 jackals (D:1)
  A quokka (D:2)
  A ball python (D:1)
  A frilled lizard (D:1)
  3 goblins (D:2)
  9 kobolds
  7 rats
46 creatures vanquished.

Notes
Turn   | Place    | Note
-------+----------+-------------------------------------------
     0 | D:1      | Bucky5 the Centaur Hunter began the quest for the Orb.
     0 | D:1      | Reached XP level 1. HP: 17/17 MP: 1/1
   401 | D:1      | Reached XP level 2. HP: 24/24 MP: 2/2
   439 | D:1      | Reached skill level 5 in Slings
  1338 | D:2      | Reached XP level 3. HP: 29/29 MP: 3/3
  1706 | D:2      | Found a snail-covered altar of Cheibriados.
  1974 | D:3      | Noticed Grinder
  1974 | D:3      | Paralysed by Grinder for 5 turns
  2050 | D:3      | Paralysed by Grinder for 7 turns
  2068 | D:3      | Paralysed by Grinder for 3 turns
  2091 | D:3      | Slain by Grinder

Skill      XL: |  1  2 |
---------------+-------+-----
Slings         | 5 |  5.5
Fighting       | |  2.1
Armour         | |  0.4
Dodging        | |  1.3
Stealth        | |  0.4
Shields        | |  0.5

Action                   || total
-------------------------++-------
 Fire: Hunting sling     ||   159
  Use: Potion            ||     3
       Scroll            ||     1
  Eat: Chunk             ||     2
Armor: Leather armour    ||    18
Dodge: Dodged            ||    25
Block: Buckler           ||     3
